 Dungeon Crawl Stone Soup version 0.29.1-debian-1-gc3f1650bb9 (webtiles) character file.

Game seed: 6987490363443420846

19957 Newt the Carver (level 12, 0/95 HPs)
             Began as a Demonspawn Gladiator on Sept 12, 2022.
             Was a High Priest of Qazlal.
             Slain by a reaper
             ... wielding a +1 scythe of freezing
              (36 damage)
             ... in an ice cave.
             The game lasted 00:17:47 (14460 turns).

Newt the Carver (Demonspawn Gladiator)             Turns: 14460, Time: 00:17:48

Health: 0/95       AC: 14    Str: 25    XL:     12   Next: 41%
Magic:  19/19      EV: 13    Int: 11    God:    Qazlal [*****.]
Gold:   389        SH: 10    Dex: 14    Spells: 21/21 levels left

rFire   . . .      SeeInvis .   e - +7 Throatcutter {drain, coup de grace}
rCold   + . .      Faith    +   (no shield)
rNeg    . . .      Spirit   .   x - +1 troll leather armour {Pargi}
rPois   .          Reflect  .   F - +1 hat
rElec   .          Harm     .   K - +0 cloak
rCorr   .          Rampage  .   (no gloves)
Will    .....                   (boots unavailable)
Stlth   +.........              p - amulet of faith
HPRegen 1.05/turn               r - +6 ring of strength
MPRegen 0.32/turn               R - ring of protection from cold

@: repel missiles
A: hooves 3, slimy green scales 1, icemail 1, magic regeneration, condensation
shield
a: Renounce Religion, Upheaval, Elemental Force, Disaster Area


You were in an ice cave.
You worshipped Qazlal.
Qazlal was extremely pleased with you.
You visited 2 branches of the dungeon, and saw 14 of its levels.
You also visited: Sewer and Ice Cave.

You collected 515 gold pieces.
You spent 126 gold pieces at shops.

Inventory:

Hand Weapons
 a - a +1 rapier
 e - the +7 Throatcutter (weapon) {drain, coup de grace}
   (You took it off Terence on level 3 of the Dungeon)

   A truly terrible weapon, it drains the life of any living foe it strikes.
   It may instantly kill foes which have little health.
 g - a +1 short sword of electrocution
 j - a +1 dagger of venom
 P - the +6 short sword of the Eternal Void {freeze, Dex+2}
   (You found it on level 8 of the Dungeon)

   It freezes those it strikes, dealing additional cold damage.
   It can also slow down cold-blooded creatures.
   Dex:       It affects your dexterity (+2).
Missiles
 i - a javelin (quivered)
 T - 4 silver javelins
 V - 2 throwing nets
Armour
 b - a +2 leather armour of willpower
 x - a +1 troll leather armour (worn) {Pargi}
 F - a +1 hat (worn)
 J - +0 swamp dragon scales
 K - a +0 cloak (worn)
 M - +0 steam dragon scales
 S - +0 acid dragon scales
Jewellery
 d - an amulet of the acrobat
 k - a ring of wizardry
 p - an amulet of faith (around neck)
 r - a +6 ring of strength (left hand)
 H - a ring of willpower
 L - a +4 ring of evasion
 R - a ring of protection from cold (right hand)
 Z - a +6 ring of strength
Wands
 u - a wand of acid (6)
 B - a wand of charming (3)
 G - a wand of roots (12)
 I - a wand of flame (23)
 N - a wand of mindburst (16)
 O - a wand of polymorph (11)
 Y - a wand of digging (4)
Scrolls
 c - a scroll of blinking
 f - 2 scrolls of enchant weapon
 s - 3 scrolls of identify
 y - 5 scrolls of teleportation
 A - 2 scrolls of fear
 D - 2 scrolls of magic mapping
 X - a scroll of poison
Potions
 h - 5 potions of brilliance
 l - a potion of resistance
 m - 3 potions of lignification
 n - 5 potions of curing
 o - 3 potions of magic
 q - 2 potions of flight
 E - a potion of cancellation


   Skills:
 - Level 9.0 Fighting
 - Level 4.0(7.9) Short Blades
 - Level 10.6(11.0) Long Blades
 - Level 1.7 Throwing
 - Level 8.0 Armour
 - Level 4.0 Dodging
 - Level 2.0 Stealth
 - Level 5.0 Spellcasting
 + Level 4.1 Hexes
 - Level 8.0 Invocations
 - Level 6.0 Evocations


You had 21 spell levels left.
You didn't know any spells.
Your spell library contained the following spells:

 Spells                   Type           Power      Damage    Failure   Level
 Confusing Touch          Hex            11%        N/A       13%         3
 Tukima's Dance           Hex            11%        N/A       13%         3
 Summon Small Mammal      Summ           8%         N/A       24%         1
 Summon Guardian Golem    Hex/Summ       7%         N/A       30%         3
 Cigotuvi's Dreadful Rot  Necr/Pois/Air  4%         N/A       34%         2
 Poisonous Vapours        Pois/Air       4%         N/A       34%         2
 Scorch                   Fire           4%         2d5       34%         2
 Call Canine Familiar     Summ           2%         N/A       56%         3
 Gell's Gravitas          Tloc           2%         N/A       56%         3
 Ignite Poison            Fire/Tmut/Pois 2%         N/A       56%         3
 Teleport Other           Tloc           2%         N/A       56%         3
 Dispel Undead            Necr           2%         3d7       93%         4
 Flame Wave               Conj/Fire      2%         2d4       93%         4
 Passage of Golubria      Tloc           2%         N/A       93%         4
 Sticky Flame             Conj/Fire      2%         2d3       93%         4
 Yara's Violent Unravell  Hex/Tmut       3%         3d4       95%         5
 Death Channel            Necr           1%         N/A       100%        6
 Dispersal                Tloc           1%         N/A       100%        6
 Summon Cactus Giant      Summ           1%         N/A       100%        6
 Enfeeble                 Hex            5%         N/A       100%        7


Dungeon Overview and Level Annotations

Branches:
Dungeon (13/15)            Temple (1/1) D:4            Lair (0/5) D:10
    Orc (0/2) D:9           Sewer (visited)           IceCv (1/1)
 Vaults: D:13-14

Altars:
Ashenzari
Cheibriados
Dithmenos
Fedhas
Gozag
Hepliaklqana
Kikubaaqudgha
Makhleb
Nemelex Xobeh
Qazlal
Ru
Sif Muna
Trog
Uskayaw
Vehumet
Wu Jian
Xom
Yredelemnul

Shops:
D:2 =   D:4 ?   D:8 :

Annotations:
D:12 ytrimaz's ghost, journeyman DsBe


Innate Abilities, Weirdness & Mutations

You have hooves in place of feet.
You are partially covered in slimy green scales. (AC +2)
A meltable icy envelope protects you from harm. (AC +4)
You regenerate magic rapidly.
A meltable shield of frost defends you. (SH +4)


Message History

You hit the ice devil.
You kick the ice devil, but do no damage.
The ice devil is heavily wounded.
You block the ice devil's attack.
You slash the ice devil!
You behead the ice devil!
You kill the ice devil!
Qazlal accepts your kill.
Your Hexes skill increases to level 4!
No target in view!
No target in view!
You open the door.
There is an open door here.
Something unseen opens the door.
You sense a monster nearby.
Found a scroll of identify.
A reaper comes into view. It is wielding a +1 scythe of freezing.
A reaper is nearby!
You hit the reaper. You kick the reaper!
The reaper is lightly wounded.
The reaper is engulfed in freezing vapours.
The reaper hits you with a +1 scythe of freezing!
The reaper freezes you.
You slash the reaper! You kick the reaper!
The reaper is heavily wounded.
You hit the reaper but do no damage. You kick the reaper, but do no damage.
The reaper is heavily wounded.
The reaper hits you with a +1 scythe of freezing!!
The reaper freezes you.
You completely miss the reaper.
The reaper is heavily wounded.
The reaper is engulfed in freezing vapours.
The reaper closely misses you.
You closely miss the reaper. You kick the reaper.
The reaper is heavily wounded.
The reaper is engulfed in freezing vapours.
The reaper hits you with a +1 scythe of freezing!!
You closely miss the reaper.
The reaper is heavily wounded.
The reaper hits you with a +1 scythe of freezing!!!
You die...

# #. ###
.#+#+#.#+#+ #..
..#.........
#.#####.#.8.8.8.8.
##.#?.=#.#.........
#⌠.2.⌠?#.+.........
#@# #.#.........
#.#####.#.8.8.8.8.
#.......#.........
######8.#+#'#.#'#'
##.# #.#.#.#.
#.#####'####
#.'.........
############


You could see a reaper.

Vanquished Creatures
  A two-headed ogre (D:9)
  A boulder beetle (D:11)
  A deep elf pyromancer (D:12)
  2 cyclopes (D:13)
  An oklob plant (D:10)
  An ugly thing (D:11)
  A manticore (D:9)
  2 gargoyles (D:13)
  5 kobold demonologists (D:12)
  2 ice statues (IceCv)
  Maggie (D:7)
  2 komodo dragons (D:8)
  An anaconda simulacrum (IceCv)
  4 ice devils (IceCv)
  A queen bee (D:12)
  A meliai (D:12)
  A troll (D:12)
  2 hornets
  7 slime creatures
  A water elemental (D:11)
  2 vampires
  2 dire elephant simulacra (IceCv)
  15 yaks
  A wraith (D:10)
  A wyvern (D:9)
  Grum (D:10)
  2 steam dragons
  An acid dragon (D:9)
  A hydra simulacrum (IceCv)
  2 water moccasins
  Duvessa (D:7)
  5 orc warriors
  Pargi (Sewer)
  2 ice beasts
  4 wolves (D:10)
  3 black bears
  5 centaurs
  2 ogres
  2 phantoms
  2 kobold brigands (D:12)
  7 bullfrogs
  A gnoll sergeant (D:11)
  A scorpion (D:5)
  Dowan (D:7)
  5 killer bees (D:12)
  6 howler monkeys
  A jelly (D:8)
  4 electric eels (D:11)
  A hound (D:5)
  Crazy Yiuf (D:7)
  A gnoll bouda (D:5)
  5 orc priests
  Terence (D:3)
  7 iguanas
  8 orc wizards
  A troll simulacrum (IceCv)
  A spriggan simulacrum (IceCv)
  2 polar bear simulacra (IceCv)
  8 gnolls
  8 adders
  A river rat (D:5)
  15 white imps
  An ufetubus (D:6)
  4 dart slugs
  29 orcs
  9 ball pythons
  4 bats
  6 endoplasms
  3 giant cockroaches
  12 goblins
  10 hobgoblins
  8 quokkas
  4 frilled lizards
  15 kobolds
  12 rats
296 creatures vanquished.

Vanquished Creatures (collateral kills)
  A gargoyle (D:12)
1 creature vanquished.

Vanquished Creatures (others)
  7 fungi (D:11)
  9 plants (D:8)
16 creatures vanquished.

Grand Total: 313 creatures vanquished

Notes
Turn   | Place    | Note
-------+----------+-------------------------------------------
     0 | D:1      | Newt the Demonspawn Gladiator began the quest for the Orb.
     0 | D:1      | Reached XP level 1. HP: 16/16 MP: 1/1
   127 | D:1      | Reached skill level 1 in Stealth
   165 | D:1      | Gained mutation: You are partially covered in slimy green
                  | scales. (AC +2) [demonic ancestry]
   165 | D:1      | Reached XP level 2. HP: 20/22 MP: 2/2
   525 | D:1      | Reached XP level 3. HP: 17/28 MP: 3/3
  1307 | D:2      | Gained mutation: A meltable shield of frost defends you.
                  | (SH +4) [demonic ancestry]
  1307 | D:2      | Reached XP level 4. HP: 30/37 MP: 4/4
  1534 | D:2      | Found Was Boet's Jewellery Emporium.
  2096 | D:2      | Found a faded altar of an unknown god.
  2309 | D:3      | Gained mutation: A meltable icy envelope protects you from
                  | harm. (AC +4) [demonic ancestry]
  2309 | D:3      | Reached XP level 5. HP: 36/42 MP: 5/5
  2451 | D:3      | Noticed Terence
  2488 | D:3      | Killed Terence
  2916 | D:4      | Noticed a phantom
  2921 | D:4      | Killed a phantom
  2922 | D:4      | Reached skill level 2 in Long Blades
  2931 | D:4      | Found an ancient bone altar of Kikubaaqudgha.
  3088 | D:4      | Reached XP level 6. HP: 44/48 MP: 6/6
  3159 | D:4      | Found Paad's Magic Scroll Shop.
  3166 | D:4      | Bought a scroll of identify for 22 gold pieces
  3166 | D:4      | Bought a scroll of identify for 22 gold pieces
  3166 | D:4      | Bought a scroll of magic mapping for 82 gold pieces
  3226 | D:4      | Found a staircase to the Ecumenical Temple.
  3415 | Temple   | Entered the Ecumenical Temple
  3434 | Temple   | Became a worshipper of Qazlal Stormbringer
  3576 | D:4      | Reached skill level 3 in Long Blades
  3686 | D:5      | Entered Level 5 of the Dungeon
  3686 | D:5      | Noticed an ice beast
  3699 | D:5      | Killed an ice beast
  3700 | D:5      | Reached skill level 4 in Long Blades
  3706 | D:5      | Gained mutation: You have large cloven feet. [demonic
                  | ancestry]
  3706 | D:5      | Reached XP level 7. HP: 39/54 MP: 7/7
  3722 | D:5      | Found a glowing drain.
  3733 | D:5      | Reached skill level 5 in Long Blades
  3737 | D:5      | HP: 2/54 [poisoned by a water moccasin]
  3841 | Sewer    | Entered a sewer
  4292 | Sewer    | Noticed Pargi
  4295 | Sewer    | Killed Pargi
  4417 | D:5      | Reached skill level 6 in Long Blades
  4590 | D:5      | Reached * piety under Qazlal
  4591 | D:5      | Reached skill level 1 in Armour
  4667 | D:5      | Gained mutation: You have hoof-like feet. [demonic
                  | ancestry]
  4667 | D:5      | Reached XP level 8. HP: 60/60 MP: 8/8
  5341 | D:6      | Reached skill level 7 in Long Blades
  5811 | D:7      | Found a bloodstained altar of Trog.
  5958 | D:7      | Found a runed translucent door.
  5959 | D:7      | Noticed Crazy Yiuf
  5986 | D:7      | Noticed Duvessa
  5986 | D:7      | Noticed Dowan
  5994 | D:7      | Killed Duvessa
  5995 | D:7      | Reached skill level 8 in Long Blades
  5995 | D:7      | Reached XP level 9. HP: 53/65 MP: 9/9
  5995 | D:7      | Killed Dowan
  6105 | D:7      | Noticed Maggie
  6112 | D:7      | Killed Maggie
  6112 | D:7      | Reached ** piety under Qazlal
  6219 | D:7      | Reached skill level 9 in Long Blades
  6475 | D:7      | Killed Crazy Yiuf
  6570 | D:8      | Noticed a komodo dragon
  6578 | D:8      | Killed a komodo dragon
  6613 | D:8      | Reached skill level 1 in Invocations
  6623 | D:8      | Noticed a komodo dragon
  6628 | D:8      | Killed a komodo dragon
  6869 | D:8      | Reached skill level 5 in Invocations
  6946 | D:8      | Found Ohoojem's Book Shop.
  7230 | D:8      | Identified the +6 short sword of the Eternal Void {freeze,
                  | Dex+2}
  7446 | D:9      | Gained mutation: You regenerate magic rapidly. [demonic
                  | ancestry]
  7446 | D:9      | Reached XP level 10. HP: 71/71 MP: 13/13
  7485 | D:9      | Reached skill level 5 in Evocations
  7541 | D:9      | Reached *** piety under Qazlal
  7634 | D:9      | Found a staircase to the Orcish Mines.
  7647 | D:9      | Found a sparkling altar of Nemelex Xobeh.
  7693 | D:9      | Noticed a two-headed ogre
  7701 | D:9      | Killed a two-headed ogre
  7749 | D:9      | Reached skill level 5 in Fighting
  7766 | D:9      | Noticed a manticore
  7781 | D:9      | Killed a manticore
  8102 | D:9      | Found a broken altar of Ashenzari.
  8508 | D:10     | Entered Level 10 of the Dungeon
  8520 | D:10     | Noticed Grum
  8526 | D:10     | Reached skill level 5 in Armour
  8540 | D:10     | Killed Grum
  8902 | D:10     | Noticed an oklob plant
  8908 | D:10     | Found a staircase to the Lair.
  8913 | D:10     | Killed an oklob plant
  8914 | D:10     | Reached XP level 11. HP: 57/84 MP: 14/14
  9064 | D:10     | Found a hide-covered altar of Uskayaw.
  9866 | D:11     | Noticed a brown ugly thing
 10263 | D:11     | Reached **** piety under Qazlal
 10834 | D:11     | Killed a brown ugly thing
 10841 | D:11     | Noticed a boulder beetle
 10866 | D:11     | Killed a boulder beetle
 11668 | D:12     | Noticed a deep elf pyromancer
 11676 | D:12     | Killed a deep elf pyromancer
 11824 | D:12     | Noticed ytrimaz's ghost (journeyman DsBe)
 11861 | D:12     | Reached skill level 5 in Spellcasting
 11916 | D:12     | HP: 4/84 [enormous slime creature (80)]
 11922 | D:12     | HP: 3/84 [slime creature (9)]
 12460 | D:12     | Identified the +10 flail "Fytoush" {vorpal, Dex+4 SInv}
 12535 | D:12     | Reached skill level 10 in Long Blades
 13613 | D:12     | Gained mutation: You have hooves in place of feet. [demonic
                  | ancestry]
 13613 | D:12     | Reached XP level 12. HP: 79/91 MP: 19/19
 13749 | D:12     | Found a transporter.
 13754 | D:12     | Found a transporter.
 13914 | D:12     | HP: 4/92 [ytrimaz's ghost (5)]
 14087 | D:13     | Found a frozen archway.
 14098 | IceCv    | Entered an ice cave
 14125 | IceCv    | Reached ***** piety under Qazlal
 14140 | IceCv    | Reached skill level 1 in Hexes
 14454 | IceCv    | Noticed a reaper
 14460 | IceCv    | Slain by a reaper

Illustrated notes

Levels and vault maps discovered:
D:1:      onia_arrival_handbag, layout_basic, st_stairs_4
D:2:      minmay_door_path, layout_basic,
          hellmonk_ecumenical_altar_prayer_group, serial_shops, shop,
          minmay_indecisive_spiral
D:3:      layout_basic, zin_academy, uniq_terence
D:4:      nicolae_cairo_tiling_large, layout_loops_ring,
          mainiacjoe_overflow_alcove_2, minmay_temple_entry_junction,
          serial_shops, shop_fountains
D:5:      layout_loops_cross, cheibrodos_sewer_entry_sluice
D:6:      layout_loops_ring
D:7:      layout_basic, lightli_temple_of_fire, uniq_maggie,
          uniq_crazy_yiuf_cottage, uniq_duvessa
D:8:      layout_loops_corners, serial_shops, shop_statue,
          minmay_misc_feat_pillars, minmay_lizard_king
D:9:      layout_stronghold, mainiacjoe_overflow_brackets,
          evilmike_ruin_ashenzari, orc_0_dummy
D:10:     layout_layer_cave, nicolae_overflow_hidden_temple,
          eat_drink_and_be_merry_uskayaw, dpeg_oklobed_lair, uniq_grum
D:11:     layout_basic, chequers_arboretum, dreamdust_mushroom_princess
D:12:     layout_layer_cave, gammafunk_ghost_hive
D:13:     layout_loops_ring, portal_ice_cave_entry_imps
Temple:   hellmonk_temple_two_chambers
IceCv:    ice_cave_tombish

Skill      XL: |  1  2  3  4  5  6  7  8  9 10 11 12 |
---------------+-------------------------------------+-----
Stealth        | 1 2 |  2.0
Fighting       | 3 4 7 9 |  9.0
Short Blades   | 3 4 |  4.0
Long Blades    | 2 4 6 8 9 10 | 10.6
Armour         | 2 4 6 8 |  8.0
Dodging        | 4 |  4.0
Invocations    | 5 8 |  8.0
Evocations     | 4 6 |  6.0
Spellcasting   | 5 |  5.0
Hexes          | 4 |  4.1
Throwing       | |  1.7

Action                   |  1- 3 |  4- 6 |  7- 9 | 10-12 || total
-------------------------+-------+-------+-------+-------++-------
Melee: Rapier            |    85 |       |       |       ||    85
       Short sword       |    19 |       |       |       ||    19
       Dagger            |     8 |    79 |       |       ||    87
       Long sword        |       |    49 |   167 |   464 ||   680
       Punch             |       |     1 |     1 |    10 ||    12
       Kick              |       |       |    34 |   139 ||   173
Throw: Throwing net      |       |     1 |       |     3 ||     4
       Javelin           |       |     1 |       |     2 ||     3
Invok: Upheaval          |       |       |       |     1 ||     1
       Elemental Force   |       |       |       |     1 ||     1
Evoke: Wand              |       |       |       |     2 ||     2
  Use: Scroll            |     5 |    11 |     4 |    12 ||    32
       Potion            |       |       |       |    10 ||    10
 Stab: Sleeping          |     5 |     6 |       |       ||    11
       Distracted        |       |     1 |       |       ||     1
       Held in net/web   |       |     1 |       |       ||     1
       Paralysed         |       |       |       |     1 ||     1
Armor: Leather armour    |    31 |    40 |     3 |       ||    74
       Troll leather arm |       |       |    39 |   143 ||   182
       Skin              |       |       |       |    21 ||    21
Dodge: Dodged            |    63 |    55 |    73 |   260 ||   451
       Repelled          |       |       |       |     3 ||     3
Block: Other             |       |    18 |    33 |   193 ||   244
